 Dungeon Crawl Stone Soup version 0.29-a0-304-gb34f9e133a (webtiles) character file.

Game seed: 1396999758521613247

454 Conn the Firebug (level 7, 0/43 HPs)
             Began as an Octopode Fire Elementalist on Mar 26, 2022.
             Slain by an adder (2 damage)
             ... on level 4 of the Dungeon.
             The game lasted 00:08:32 (3116 turns).

Conn the Firebug (Octopode Fire Elementalist)       Turns: 3116, Time: 00:08:32

Health: 0/43       AC:  1    Str:  8    XL:     7   Next: 5%
Magic:  10/12      EV: 13    Int: 19    God:
Gold:   104        SH:  0    Dex: 12    Spells: 4/13 levels left

rFire   . . .      SeeInvis .   l - +0 hand axe (elec)
rCold   . . .      Faith    +   (no shield)
rNeg    . . .      Spirit   .   (helmet restricted)
rPois   .          Reflect  .   u - amulet of faith
rElec   .          Harm     .   (no ring)
rCorr   .          Rampage  .   (no ring)
Will    .....                   (no ring)
Stlth   ++++......              (no ring)
HPRegen 0.14/turn               (no ring)
MPRegen 0.13/turn               (no ring)
                                (no ring)
                                (no ring)

@: attractive
A: almost no armour, amphibious, 8 rings, camouflage 1, gelatinous body 1,
(nimble swimmer 1), tentacles
a: no special abilities


You were on level 4 of the Dungeon.
You visited 1 branch of the dungeon, and saw 4 of its levels.

You collected 104 gold pieces.

Inventory:

Hand Weapons
 b - a +0 short sword
 c - a +0 long sword
 l - a +0 hand axe of electrocution (weapon)
Jewellery
 u - an amulet of faith (around mantle)
Wands
 t - a wand of paralysis (8)
Scrolls
 f - 5 scrolls of teleportation {unknown}
 h - 2 scrolls of identify {unknown}
 o - a scroll of vulnerability {unknown}
 p - a scroll of torment {unknown}
 q - a scroll of magic mapping {unknown}
 s - 2 scrolls of immolation {unknown}
Potions
 a - a potion of magic
 d - a potion of attraction
 e - a potion of flight {unknown}
 g - a potion of brilliance {unknown}
 i - a potion of lignification {unknown}
 j - a potion of degeneration {unknown}
 k - 3 potions of curing {unknown}
 m - a potion of might {unknown}
 n - a potion of invisibility {unknown}
 r - a potion of mutation {unknown}


   Skills:
 + Level 1.0 Fighting
 + Level 2.0 Long Blades
 + Level 0.6 Axes
 + Level 2.6 Dodging
 + Level 4.4 Stealth
 + Level 3.5 Spellcasting
 + Level 2.5 Conjurations
 + Level 4.8 Fire Magic


You had 4 spell levels left.
You knew the following spells:

 Your Spells              Type           Power      Damage    Failure   Level
a - Foxfire               Conj/Fire      68%        2x1d7     3%          1
b - Conjure Flame         Conj/Fire      17%        6-21      10%         3
c - Inner Flame           Hex/Fire       12%        N/A       16%         3
e - Scorch                Fire           42%        2d7       3%          2

Your spell library contained the following spells:

 Spells                   Type           Power      Damage    Failure   Level
 Corpse Rot               Necr/Air       6%         N/A       22%         2
 Flame Wave               Conj/Fire      17%        2d6       32%         4
 Dispel Undead            Necr           3%         3d7       82%         4
 Summon Mana Viper        Hex/Summ       3%         N/A       98%         5
 Summon Forest            Summ/Tloc      1%         N/A       99%         5
 Death Channel            Necr           1%         N/A       100%        6
 Summon Cactus Giant      Summ           1%         N/A       100%        6


Dungeon Overview and Level Annotations

Branches:
Dungeon (4/15)
 Temple: D:4-7

Altars:
Qazlal
Xom

Shops:
D:4 (


Innate Abilities, Weirdness & Mutations

You cannot wear most types of armour.
You are amphibious.
You can wear up to eight rings at the same time.
Your skin changes colour to match your surroundings (Stealth+).
Your rubbery body absorbs attacks. (AC +1, EV +1)
((You are camouflaged when in or above water. (Stealth+)))
You have tentacles for arms and can constrict up to eight enemies at once.


Message History

* * * LOW HITPOINT WARNING * * *
The phantom blinks!
You blink.
You stop ascending the stairs.
An adder and an iguana come into view.
Unknown command.
Okay, then.
Unknown command.
Unknown command.
Casting: Foxfire (safe; 3% risk of failure)
Confirm with . or Enter, or press ? or * to list all spells.
Okay, then.
Unknown command.
Unknown command.
Unknown command.
Aiming: Paralyse
Press: ? - help, Shift-Dir - straight line, f - phantom
Aim: a phantom (chance to affect: 31%)
The phantom easily resists.
The adder hisses angrily.
The phantom barely misses you.
Aiming: Paralyse
Press: ? - help, Shift-Dir - straight line, f/p - phantom
Aim: a phantom (chance to affect: 31%)
The phantom easily resists.
The adder bites you.
* * * LOW HITPOINT WARNING * * *
The phantom hits you.
* * * LOW HITPOINT WARNING * * *
The adder barely misses you.
Aiming: Paralyse
Press: ? - help, Shift-Dir - straight line, f/p - phantom
Aim: a phantom (chance to affect: 31%)
The phantom suddenly stops moving!
The iguana hisses angrily.
The adder bites you but does no damage.
Found a book of Decay.
Found Wegoit's Weapon Shoppe.
It was a potion of attraction.
You feel attractive to monsters. The adder bites you.
* * * LOW HITPOINT WARNING * * *
The iguana barely misses you. The adder bites you.
You die...

#...⌠.∩.⌠..# .≈.
#..♣.♣.♣.♣..
.≈.##..:⌠.⌠.⌠...
≈.....♣.♣.♣.♣..
#...........
#.........##..
#.....l......#
#....S@...# #####.#####
. #W# ....... #o#
....... #o## ####
.......##..# #... .J
.........)<# ###..# #..
.......##..####...###...
....... ##.>...........


You could see a phantom (paralysed), an iguana, an adder and 2 orcs.

Vanquished Creatures
  Sigmund (D:2)
  A necrophage (D:4)
  An orc wizard (D:2)
  Natasha (thrice) (D:2)
  3 adders (D:2)
  5 gnolls
  A worm (D:2)
  A dart slug (D:3)
  4 orcs
  5 ball pythons
  4 bats
  6 endoplasms
  2 giant cockroaches
  6 goblins
  4 hobgoblins
  5 quokkas
  A frilled lizard (D:1)
  5 kobolds
  8 rats
66 creatures vanquished.

Vanquished Creatures (others)
  168 foxfires
168 creatures vanquished.

Grand Total: 234 creatures vanquished

Notes
Turn   | Place    | Note
-------+----------+-------------------------------------------
     0 | D:1      | Conn the Octopode Fire Elementalist began the quest for the
                  | Orb.
     0 | D:1      | Reached XP level 1. HP: 11/11 MP: 3/3
   410 | D:1      | You fall into a shaft and drop 1 floor!
   410 | D:2      | Found a faded altar of an unknown god.
   423 | D:2      | Reached XP level 2. HP: 13/17 MP: 1/5
   429 | D:2      | Noticed Natasha
   505 | D:2      | Killed Natasha
   506 | D:2      | Reached XP level 3. HP: 21/21 MP: 0/6
   518 | D:2      | Noticed Natasha
   575 | D:3      | Learned a level 3 spell: Conjure Flame
   579 | D:3      | Learned a level 3 spell: Inner Flame
   657 | D:2      | Killed Natasha
   658 | D:2      | Reached XP level 4. HP: 27/27 MP: 2/8
   660 | D:2      | Noticed Sigmund
   697 | D:2      | Noticed Natasha
   714 | D:2      | Killed Natasha
   917 | D:2      | Reached skill level 1 in Long Blades
   917 | D:2      | Reached XP level 5. HP: 31/31 MP: 4/9
   978 | D:2      | Learned a level 2 spell: Scorch
   991 | D:2      | Killed Sigmund
   992 | D:2      | Reached XP level 6. HP: 25/37 MP: 0/10
  1449 | D:2      | Found a shimmering altar of Xom.
  2590 | D:3      | Found a stormy altar of Qazlal.
  3111 | D:4      | Reached skill level 1 in Fighting
  3111 | D:4      | Reached XP level 7. HP: 14/43 MP: 9/12
  3115 | D:4      | Found Wegoit's Weapon Shoppe.
  3116 | D:4      | HP: 2/43 [adder (3)]
  3116 | D:4      | Slain by an adder

Illustrated notes

Levels and vault maps discovered:
D:1:      elethiomel_arrival_infinity_welcomes_careful_drivers, layout_basic
D:2:      layout_basic, ebering_ecumenical_altar_sacrificial, basic_altar,
          uniq_sigmund, uniq_natasha
D:3:      layout_basic, grunt_qazlal_clouds, minmay_misc_feat_ornament
D:4:      layout_rooms, grunt_ministairs_15, kennysheep_diamond,
          chequers_serial_rivers_micro_a, minmay_shop_grid_forest,
          small_statue_intersection, minmay_misc_feat_room, uniq_eustachio

Skill      XL: |  1  2  3  4  5  6 |
---------------+-------------------+-----
Stealth        | 3 4 |  4.4
Fire Magic     | 4 |  4.8
Long Blades    | 1 2 |  2.0
Spellcasting   | 3 |  3.5
Conjurations   | 2 |  2.5
Fighting       | 1 |  1.0
Axes           | |  0.6
Dodging        | |  2.6

Action                   |  1- 3 |  4- 6 |  7- 9 || total
-------------------------+-------+-------+-------++-------
Melee: Unarmed           |     3 |       |       ||     3
       Long sword        |    10 |    26 |       ||    36
       Tentacles         |     2 |     5 |       ||     7
       Constrict         |     3 |    13 |       ||    16
       Hand axe          |       |    18 |       ||    18
       Punch             |       |     2 |       ||     2
 Cast: Foxfire           |    15 |    82 |       ||    97
       Scorch            |       |     3 |       ||     3
       Conjure Flame     |       |     3 |       ||     3
       Inner Flame       |       |     1 |       ||     1
Evoke: Wand              |       |       |     3 ||     3
  Use: Potion            |       |       |     1 ||     1
 Stab: Sleeping          |     1 |     9 |       ||    10
Armor: Skin              |       |     3 |     1 ||     4
Dodge: Dodged            |     9 |    33 |     4 ||    46

Table legend: (Time is in decaauts)
 A = Elapsed time spent in this place.
 B = Non-inter-level travel time spent in this place.
 C = Inter-level travel time spent in this place.
 D = Time resting spent in this place.
 E = Time spent auto-exploring this place.
 F = Levels seen in this place.
 G = Mean time per level.
                   A        B        C        D        E       F      G
               +--------+--------+--------+--------+--------+-----+--------+
         Total |   3134 |   3107 |     27 |    283 |   1857 |   4 |  783.5 |
       Dungeon |   3134 |   3107 |     27 |    283 |   1857 |   4 |  783.5 |
               +--------+--------+--------+--------+--------+-----+--------+

Top non-repeatable levels by time:
     D:2: 1292 daAuts
     D:1: 1026 daAuts
     D:3: 767 daAuts
     D:4: 47 daAuts
